 Dungeon Crawl Stone Soup version 0.29.1-15-g9cfb28693d (webtiles) character file.

Game seed: 357637801579640098

14 Renzlar the Shield-Bearer (level 2, -9/29 HPs)
             Began as a Gnoll Fighter on Feb 25, 2023.
             Mangled by Crazy Yiuf
             ... wielding a +3 quarterstaff of chaos
              (11 damage)
             ... on level 2 of the Dungeon.
             The game lasted 00:02:16 (717 turns).

Renzlar the Shield-Bearer (Gnoll Fighter)            Turns: 717, Time: 00:02:16

Health: -9/29      AC: 12    Str: 15    XL:     2   Next: 41%
Magic:  2/2        EV:  9    Int:  7    God:
Gold:   62         SH:  5    Dex: 11    Spells: 1/1 levels left

rFire   . . .      SeeInvis .   a - +0 war axe
rCold   . . .      Faith    .   c - +0 buckler
rNeg    . . .      Spirit   .   b - +0 scale mail
rPois   .          Reflect  .   h - +2 helmet
rElec   .          Harm     .   (no cloak)
rCorr   .          Rampage  .   k - +0 pair of gloves
Will    .....                   (no boots)
Stlth   ..........              (no amulet)
HPRegen 0.09/turn               (no ring)
MPRegen 0.08/turn               (no ring)

@: mighty, lethally poisoned (-9 -> -16), slowed, very slow
A: fangs 1, strong nose, distributed training
a: no special abilities


You were on level 2 of the Dungeon.
You visited 1 branch of the dungeon, and saw 2 of its levels.

You collected 62 gold pieces.

Inventory:

Hand Weapons
 a - a +0 war axe (weapon)
Armour
 b - a +0 scale mail (worn)
 c - a +0 buckler (worn)
 h - a +2 helmet (worn)
 k - a +0 pair of gloves (worn)
Jewellery
 i - a ring of wizardry
Scrolls
 g - a scroll of blinking
Potions
 e - 2 potions of heal wounds {unknown}
 f - a potion of cancellation {unknown}
 j - a potion of curing {unknown}
 l - a potion of haste {unknown}
 m - a potion of brilliance {unknown}


   Skills:
 + Level 6.5 Fighting
 + Level 0.4 Short Blades
 + Level 0.4 Long Blades
 + Level 4.5 Axes
 + Level 0.4 Maces & Flails
 + Level 0.4 Polearms
 + Level 0.4 Staves
 + Level 0.4 Ranged Weapons
 + Level 0.4 Throwing
 + Level 6.5 Armour
 + Level 0.4 Dodging
 + Level 0.4 Stealth
 + Level 6.5 Shields
 + Level 0.4 Unarmed Combat
 + Level 0.4 Spellcasting
 + Level 0.2 Conjurations
 + Level 0.2 Hexes
 + Level 0.2 Summonings
 + Level 0.2 Necromancy
 + Level 0.2 Translocations
 + Level 0.2 Transmutations
 + Level 0.2 Fire Magic
 + Level 0.2 Ice Magic
 + Level 0.2 Air Magic
 + Level 0.2 Earth Magic
 + Level 0.2 Poison Magic
 + Level 0.5 Invocations
 + Level 0.4 Evocations


You had one spell level left.
You didn't know any spells.
Your spell library was empty.

Dungeon Overview and Level Annotations

Branches:
Dungeon (2/15)

Altars:

Annotations:
D:2 Crazy Yiuf


Innate Abilities, Weirdness & Mutations

You have very sharp teeth.
Your uncanny sense of smell can sniff out nearby items.
Your experience applies equally to all skills.


Message History

n - a scroll labelled FOVURE EWESHROO
As you read the scroll labelled FOVURE EWESHROO, it crumbles to dust.
You hear a loud clanging noise!
It was a scroll of noise.
You hear a shout!
Found a leather armour.
A goblin comes into view. It is wielding a +0 dagger.
You barely miss the goblin. You block the goblin's attack.
You closely miss the goblin. You block the goblin's attack.
The goblin completely misses you.
You slash the goblin!
You kill the goblin!
Things that are here:
a +0 dagger; a goblin corpse You see here a +0 leather armour.
Found a hammer.
Found a runed translucent door.
Press: ? - help, v - describe, . - travel
Here: Crazy Yiuf, wielding a +3 quarterstaff of chaos and wearing a +0 cloak (fire blocked by a runed translucent door)
The floor.
You open the door.
Crazy Yiuf says, "Scoff!"
You closely miss Crazy Yiuf.
Crazy Yiuf glowers.
Crazy Yiuf barely misses you.
Crazy Yiuf hits you with a +3 quarterstaff of chaos!
You are poisoned.
Unknown command.
You feel very mighty all of a sudden.
You feel very sick.
Crazy Yiuf hits you with a +3 quarterstaff of chaos!
* * * LOW HITPOINT WARNING * * *
You feel yourself slow down.
Unknown command.
You hit Crazy Yiuf.
Crazy Yiuf is moderately wounded.
* * * LOW HITPOINT WARNING * * *
You feel very sick. Crazy Yiuf closely misses you.
Crazy Yiuf hits you with a +3 quarterstaff of chaos!
You die...

## #.. ##♣♣♣♣♣ ##.#
###...♣.♣♣♣ ###
...####......♣..♣#...#
...#........♣♣♣♣@g...#
.....##.#..♣♣ ♣♣#..)#
....######♣♣ ### ....# ...##
....## ### .....######## #.#
....[..)....## #.#
...########..####.##########


You could see Crazy Yiuf.

Vanquished Creatures
  2 bats (D:1)
  An endoplasm (D:1)
  A giant cockroach (D:1)
  2 goblins (D:2)
  2 hobgoblins (D:1)
  A quokka (D:1)
  2 ball pythons (D:1)
11 creatures vanquished.

Notes
Turn   | Place    | Note
-------+----------+-------------------------------------------
     0 | D:1      | Renzlar the Gnoll Fighter began the quest for the Orb.
     0 | D:1      | Reached XP level 1. HP: 23/23 MP: 1/1
   316 | D:1      | Reached XP level 2. HP: 29/29 MP: 2/2
   710 | D:2      | Found a runed translucent door.
   711 | D:2      | Noticed Crazy Yiuf
   717 | D:2      | Mangled by Crazy Yiuf

Illustrated notes

Levels and vault maps discovered:
D:1:      dpeg_arrival_prison, layout_basic, hex_medium
D:2:      layout_rooms, uniq_crazy_yiuf_cottage

Action                   || total
-------------------------++-------
Melee: War axe           ||    39
       Bite              ||     1
  Use: Scroll            ||     3
       Potion            ||     1
Armor: Scale mail        ||    25
Dodge: Dodged            ||    15
Block: Buckler           ||    15
